 Dungeon Crawl Stone Soup version 0.16.1-4-g8e1b745 (console) character file.

41 gw the Charlatan (level 3, 0/20 HPs)
             Began as a Deep Elf Artificer on Mar 28, 2015.
             Succumbed to an adder's poison
             ... on level 2 of the Dungeon.
             The game lasted 00:00:54 (1014 turns).

gw the Charlatan (Deep Elf Artificer)               Turns: 1014, Time: 00:00:54

Health: 0/20       AC:  3    Str:  8    XL:     3   Next: 32%
Magic:  7/7        EV: 12    Int: 16    God:
Gold:   16         SH:  0    Dex: 16    Spells: 0 memorised, 2 levels left

rFire  . . .     SeeInvis .     a - +0 short sword
rCold  . . .     Clarity  .     e - +0 leather armour
rNeg   . . .     SustAb   .     (no shield)
rPois  .         Gourm    .     (no helmet)
rElec  .         Spirit   .     (no cloak)
rCorr  +         Warding  .     (no gloves)
rMut   .         Stasis   .     (no boots)
MR     .....                    h - amulet of resist corrosion
Stlth  ++........               (no ring)
                                (no ring)

@: lethally poisoned (0 -> -8), not resistant to hostile enchantments,
unstealthy
A: no striking features
a: no special abilities


You were on level 2 of the Dungeon.
You were not hungry.

You visited 1 branch of the dungeon, and saw 2 of its levels.

You collected 16 gold pieces.

Inventory:

Hand weapons
 a - a +0 short sword (weapon)
Armour
 e - a +0 leather armour (worn)
Jewellery
 h - an amulet of resist corrosion (around neck)
Magical devices
 b - a wand of flame (10)
 c - a wand of enslavement (15)
 d - a wand of random effects (10)
Scrolls
 j - a scroll of identify {unknown}
Potions
 g - 2 potions of magic {unknown}
 i - a potion of brilliance {unknown}
Comestibles
 f - 2 bread rations


   Skills:
 + Level 1.5 Fighting
 * Level 2.2 Short Blades
 + Level 3.0 Dodging
 - Level 1.2 Stealth
 - Level 3.2 Evocations


You had 2 spell levels left.
You didn't know any spells.

Dungeon Overview and Level Annotations

Branches:
Dungeon (2/15)

Altars:


Message History

MOVING TO (0,-7) Unknown command.
Unknown command.
Unknown command.
MOVING TO (0,-6)
You feel sick.
Unknown command.
Unknown command.
Unknown command.
MOVING TO (0,-5)
You feel sick.
Unknown command.
Unknown command.
Unknown command.
MOVING TO (0,-4) Unknown command.
Unknown command.
Unknown command.
MOVING TO (0,-3)
You die...

#.......##........##
####..##########.##
#.## #.# #.# #.# #.#
#+# #.# #.### #.#.##
#e...#### #.......+
#....#### ##.#.##
#...## #.#.#.#
#.##....# ## ###.##
.#


There were no monsters in sight!

Table legend:
 A = Turns spent in this place as a percentage of turns spent in the entire game.
 B = Non-inter-level travel turns spent in this place as a percentage of non-inter-level travel turns spent in the entire game.
 C = Inter-level travel turns spent in this place as a percentage of turns spent in this place.
 D = Turns resting spent in this place as a percentage of non-inter-level travel turns spent in this place.
 E = Turns spent auto-exploring this place as a percentage of non-inter-level travel turns spent in this place.
 F = Non-inter-level travel turns spent in this place divided by the number of levels of this place that you've seen.
                   A       B       C       D       E      F
               +-------+-------+-------+-------+-------+----------------------
         Total | 100.0 | 100.0 |   1.8 |   2.2 |   1.9 | 645.0
       Dungeon | 100.0 | 100.0 |   1.8 |   2.2 |   1.9 | 645.0
               +-------+-------+-------+-------+-------+----------------------

Table legend:
 A = Kills in this place as a percentage of kills in entire the game.
 B = Kills by you in this place as a percentage of kills by you in the entire game.
 C = Kills by friends in this place as a percentage of kills by friends in the entire game.
 D = Other kills in this place as a percentage of other kills in the entire game.
 E = Experience gained in this place as a percentage of experience gained in the entire game.
 F = Experience gained in this place divided by the number of levels of this place that you have seen.
                   A       B       C       D       E      F
               +-------+-------+-------+-------+-------+----------------------
         Total | 100.0 | 100.0 |  -nan |  -nan | 100.0 |  29.5
       Dungeon | 100.0 | 100.0 |  -nan |  -nan | 100.0 |  29.5
               +-------+-------+-------+-------+-------+----------------------

Vanquished Creatures
  2 adders (D:2)
  A worm (D:2)
  A giant gecko (D:1)
  3 bats (D:1)
  A goblin (D:1)
  2 hobgoblins (D:1)
  A giant newt (D:1)
  4 kobolds (D:1)
  2 rats (D:1)
17 creatures vanquished.

Notes
Turn   | Place    | Note
--------------------------------------------------------------
     0 | D:1      | gw, the Deep Elf Artificer, began the quest for the Orb.
     0 | D:1      | Reached XP level 1. HP: 11/11 MP: 2/2
    24 | D:1      | Reached skill level 1 in Fighting
   274 | D:1      | Reached XP level 2. HP: 5/16 MP: 5/5
   744 | D:2      | Reached XP level 3. HP: 8/20 MP: 7/7
  1012 | D:2      | HP: 1/20 [poisoned by an adder]
  1014 | D:2      | Succumbed to an adder's poison

Action                   || total
-------------------------++-------
Melee: Short sword       ||    79
Evoke: Wand              ||    10

Vault maps used:
D:1:      dpeg_arrival_tiny_k, minmay_misc_feat_pillars, nrook_mini_vaults,
          minmay_misc_feat_encased
D:2:      grunt_temple_overflow_open, first_bread, minmay_distorted, uniq_iyjb,
          uniq_sigmund
